 Dungeon Crawl Stone Soup version 0.32-a0-22-g6ae6769602 (webtiles) character file.

Game seed: 7084201562686215980

1843 voltaire321 the Magician (level 8, -4/48 HPs)
             Began as a Deep Elf Earth Elementalist on Jan 18, 2024.
             Was a Follower of Vehumet.
             Slain by Dowan
             ... wielding a +0 dagger
              (6 damage)
             ... on level 6 of the Dungeon on Jan 19, 2024.
             The game lasted 00:13:28 (5498 turns).

voltaire321 the Magician (DEEE)                     Turns: 5498, Time: 00:13:29

Health: -4/48      AC:  4    Str:  7    XL:     8   Next: 88%
Magic:  3/20       EV: 15    Int: 33    God:    Vehumet [*.....]
Gold:   227        SH:  0    Dex: 15    Spells: 13/20 levels left

rFire   . . .        j - staff of conjuration
rCold   . . .        (no shield)
rNeg    . . .        a - +0 robe
rPois   .            n - +1 helmet
rElec   .            (no cloak)
rCorr   .            (no gloves)
SInv    +            (no boots)
Will    .....        m - amulet of the acrobat
Stlth   ++           h - +6 ring of intelligence
HPRegen 0.28/turn    o - +6 ring of intelligence
MPRegen 0.17/turn

%: acrobat
@: mighty, brilliant, marked, attractive
A: no striking features
a: Renounce Religion


You were on level 6 of the Dungeon.
You worshipped Vehumet.
Vehumet was aware of your devotion.
You visited 2 branches of the dungeon, and saw 7 of its levels.

You collected 227 gold pieces.

Inventory:

Hand Weapons
 y - a +0 trident of venom
 z - a +1 rapier
Armour
 a - a +0 robe (worn)
 n - a +1 helmet (worn)
Magical Staves
 j - a staff of conjuration (weapon)
Jewellery
 h - a +6 ring of intelligence (left hand)
 m - an amulet of the acrobat (around neck)
 o - a +6 ring of intelligence (right hand)
Wands
 t - a wand of flame (9)
 u - a wand of digging (3)
Scrolls
 g - a scroll of enchant armour
 k - a scroll of fear
 l - 7 scrolls of identify {unknown}
 r - a scroll of amnesia
 v - a scroll of teleportation {unknown}
Potions
 b - a potion of magic
 c - 2 potions of attraction
 e - a potion of might
 f - a potion of enlightenment {unknown}
 i - a potion of mutation {unknown}
 p - a potion of curing {unknown}
 x - a potion of brilliance


   Skills:
 + Level 3.6 Fighting
 + Level 3.7 Armour
 + Level 6.1 Dodging
 - Level 2.4 Stealth
 + Level 6.8 Spellcasting
 + Level 5.0 Conjurations
 + Level 6.0 Earth Magic


You had 13 spell levels left.
You knew the following spells:

 Your Spells              Type           Power      Damage    Failure   Level
a - Sandblast             Erth           100%       2d20      1%          1
b - Passwall              Erth           67%        N/A       1%          3
c - Stone Arrow           Conj/Erth      100%       3d13      1%          3

Your spell library contained the following spells:

 Spells                   Type           Power      Damage    Failure   Level
 Shock                    Conj/Air       100%       1d9       1%          1
 Brom's Barrelling Bould  Conj/Erth      82%        2d9       4%          4
 Ensorcelled Hibernation  Hex/Ice        34%        N/A       6%          2
 Petrify                  Alch/Erth      47%        N/A       11%         4
 Fugue of the Fallen      Necr           17%        N/A       12%         3
 Anguish                  Hex/Necr       8%         N/A       36%         4


Dungeon Overview and Level Annotations

Branches:
Dungeon (6/15)             Temple (1/1) D:4

Altars:
Cheibriados
Dithmenos
Elyvilon
Fedhas
Hepliaklqana
Kikubaaqudgha
Makhleb
Qazlal
Ru
Sif Muna
Trog
Vehumet
Wu Jian
Yredelemnul
Zin

Annotations:
D:6 Dowan, Duvessa


Message History

You are no longer poisoned.
Duvessa is attracted toward you. Dowan is attracted toward you.
Duvessa attacks as she pursues you! Duvessa completely misses you.
Dowan mumbles some strange words.
Dowan blinks!
Okay, then.
As you read the scroll labelled YVIPPEASHO, it crumbles to dust.
You assume a fearsome visage.
Duvessa looks frightened!
It was a scroll of fear.
Duvessa is attracted toward you. Dowan is attracted toward you.
Duvessa is attracted toward you. Dowan is attracted toward you.
Dowan is attracted toward you. Duvessa is attracted toward you.
Dowan mumbles some strange words.
Dowan blinks!
Duvessa is attracted toward you. Dowan is attracted toward you.
As you read the scroll labelled INUBORIEWE, it crumbles to dust.
It is a scroll of enchant armour.
Your +0 helmet glows green for a moment.
Duvessa is attracted toward you. Dowan is attracted toward you.
As you read the scroll labelled BUER NOFUACOY, it crumbles to dust.
It is a scroll of amnesia.
Okay, then.
Dowan hits you with a +0 dagger.
* * * LOW HITPOINT WARNING * * *
Duvessa is attracted toward you.
As you read the scroll labelled TEV PYELUE, it crumbles to dust.
You hear a loud clanging noise!
It was a scroll of noise.
Dowan gestures wildly while chanting.
Dowan blinks!
Duvessa is attracted toward you. Dowan is attracted toward you.
As you read the scroll labelled MAIFUO SO KYUT, it crumbles to dust.
It is a scroll of enchant weapon.
Your +0 rapier glows red for a moment.
Dowan casts a spell at you. The puff of frost hits you!
* * * LOW HITPOINT WARNING * * *
Duvessa is attracted toward you. Dowan is attracted toward you.
As you read the scroll labelled IMOTEYCR HAMI, it crumbles to dust.
You feel aware of your surroundings.
It was a scroll of revelation.
Dowan hits you with a +0 dagger.
You die...

...### #............## .#.e.###
##########............##
§§##.§§############.............#
...####..##..#######.....(.......
e..# ##......######.............
...# #...)....#####............[
...#* #..........####...........#
§...* #............###.........##
....# #.......e.@............###
....# #........e§..#........##
,,,,* #............##.##..### **
,,,,* #.......§.....#.##### *##,
,,,,* #.............#.## *##..,
,,,,* ##..............## *##....,
,,,,* #..............##*#......,
,,,,* #...............#*.......,
,,,,* #.............#.##.......,


You could see Duvessa (fleeing) and Dowan.

Vanquished Creatures
  Sigmund (D:3)
  The ghost of san475 the Chopper, an amateur MiBe of Trog (D:3)
  A steam dragon (D:5)
  A water moccasin (D:6)
  An orc warrior (D:5)
  3 ogres
  A centaur (D:5)
  3 scorpions
  3 electric eels (D:4)
  2 bombardier beetles
  3 jellies
  3 hounds
  2 sleepcaps
  Natasha (thrice) (D:2)
  2 orc wizards (D:5)
  Robin (D:2)
  3 gnolls (D:4)
  6 adders
  A white imp (D:4)
  2 ufetubi (D:4)
  2 dart slugs (D:1)
  A ribbon worm (D:4)
  3 orcs
  6 bats
  6 endoplasms
  3 giant cockroaches
  6 goblins
  5 hobgoblins
  4 jackals (D:4)
  12 kobolds
  A quokka (D:2)
  9 ball pythons
  A frilled lizard (D:2)
  5 rats
107 creatures vanquished.

Notes
Turn   | Place    | Note
-------+----------+-------------------------------------------
     0 | D:1      | voltaire321 the Deep Elf Earth Elementalist began the quest
                  | for the Orb.
     0 | D:1      | Reached XP level 1. HP: 10/10 MP: 6/6
   132 | D:1      | Reached XP level 2. HP: 15/15 MP: 6/8
  1114 | D:2      | Reached XP level 3. HP: 20/20 MP: 7/9
  1169 | D:2      | Reached skill level 1 in Armour
  1263 | D:2      | Learned a level 3 spell: Passwall
  1267 | D:2      | Learned a level 3 spell: Stone Arrow
  1299 | D:2      | Reached XP level 4. HP: 24/24 MP: 7/11
  1468 | D:2      | Found a faded altar of an unknown god.
  1500 | D:2      | Noticed Natasha
  1508 | D:2      | Killed Natasha
  1509 | D:2      | Reached skill level 1 in Fighting
  1855 | D:2      | Noticed Robin
  1868 | D:2      | Killed Robin
  2051 | D:2      | Noticed Natasha
  2055 | D:2      | Killed Natasha
  2056 | D:2      | Reached XP level 5. HP: 29/29 MP: 10/13
  2072 | D:2      | Noticed Natasha
  2075 | D:2      | Killed Natasha
  2298 | D:3      | Found a runed translucent door.
  2335 | D:3      | Noticed Sigmund
  2341 | D:3      | Killed Sigmund
  2342 | D:3      | Reached XP level 6. HP: 14/35 MP: 5/14
  2944 | D:3      | Noticed san475's ghost (amateur MiBe)
  2955 | D:3      | Killed san475's ghost
  3110 | D:4      | Found a staircase to the Ecumenical Temple.
  3125 | Temple   | Entered the Ecumenical Temple
  3144 | Temple   | Became a worshipper of Vehumet
  3199 | D:4      | Reached skill level 5 in Spellcasting
  3200 | D:4      | Reached XP level 7. HP: 40/40 MP: 12/16
  3221 | D:4      | Found a transporter.
  3573 | D:4      | Found a transporter.
  3692 | D:4      | Found a sacrificial altar of Ru.
  3735 | D:4      | Reached skill level 5 in Earth Magic
  3769 | D:4      | Reached * piety under Vehumet
  3769 | D:4      | Offered knowledge of Shock by Vehumet.
  3770 | D:4      | Reached skill level 5 in Dodging
  3877 | D:4      | Found an ornate altar of the Wu Jian Council.
  4006 | D:4      | Reached XP level 8. HP: 45/45 MP: 13/18
  4040 | D:4      | Found a stormy altar of Qazlal.
  4125 | D:5      | Entered Level 5 of the Dungeon
  4224 | D:5      | Found a shadowy altar of Dithmenos.
  4895 | D:5      | Found a blossoming altar of Fedhas.
  5477 | D:6      | Noticed Dowan
  5480 | D:6      | Noticed Duvessa
  5482 | D:6      | Reached skill level 5 in Conjurations
  5497 | D:6      | HP: 2/48 [Dowan/puff of frost (9)]
  5498 | D:6      | Slain by Dowan

Illustrated notes

Levels and vault maps discovered:
D:1:      matt_arrival_spirals, layout_basic, serial_bayou_crossing
D:2:      layout_loops_ring, shapermc_ecumenical_altar_totnotflames,
          uniq_natasha, uniq_robin
D:3:      layout_basic, ebering_ghost_sewer_d, uniq_sigmund
D:4:      gammafunk_steamed_eel, layout_cave_pools,
          mainiacjoe_overflow_24_doors,
          mainiacjoe_overflow_concentric_impassable, kennysheep_little_box,
          minmay_temple_entry_stoned_glass
D:5:      layout_gridville, nicolae_dithmenos_shadow_blocks,
          fedhas_bush_and_centaur_altar
D:6:      layout_cave_pods, uniq_duvessa
Temple:   hellmonk_temple_beads

Skill      XL: |  1  2  3  4  5  6  7  8 |
---------------+-------------------------+-----
Armour         | 1 2 3 |  3.7
Dodging        | 3 4 5 6 |  6.1
Conjurations   | 2 3 4 5 |  5.0
Fighting       | 1 2 3 |  3.6
Spellcasting   | 4 5 6 |  6.8
Earth Magic    | 4 5 6 |  6.0
Stealth        | |  2.4

Action                     |  1- 3 |  4- 6 |  7- 9 || total
---------------------------+-------+-------+-------++-------
  Melee: Short sword       |     2 |       |       ||     2
         Staff             |       |     1 |     3 ||     4
   Cast: Sandblast         |    39 |    50 |    58 ||   147
         Stone Arrow       |       |     6 |    13 ||    19
  Evoke: Wand              |       |       |     4 ||     4
    Use: Scroll            |       |       |     8 ||     8
         Potion            |       |       |     3 ||     3
 Armour: Robe              |     4 |    22 |    23 ||    49
  Dodge: Dodged            |     4 |    11 |    24 ||    39

Table legend: (Time is in decaauts)
 A = Elapsed time spent in this place.
 B = Non-inter-level travel time spent in this place.
 C = Inter-level travel time spent in this place.
 D = Time resting spent in this place.
 E = Time spent auto-exploring this place.
 F = Levels seen in this place.
 G = Mean time per level.
                   A        B        C        D        E       F      G
               +--------+--------+--------+--------+--------+-----+--------+
         Total |   5589 |   5436 |    153 |   1068 |   3333 |   7 |  798.4 |
       Dungeon |   5550 |   5397 |    153 |   1068 |   3333 |   6 |  925.0 |
        Temple |     38 |     38 |      0 |      0 |      0 |   1 |   38.0 |
               +--------+--------+--------+--------+--------+-----+--------+

Top non-repeatable levels by time:
     D:1: 1109 daAuts
     D:3: 1029 daAuts
     D:2: 1028 daAuts
     D:4: 994 daAuts
     D:5: 881 daAuts
     D:6: 506 daAuts
  Temple: 38 daAuts
